 Dungeon Crawl Stone Soup version 0.27.0-1-g7a089689b8 (webtiles) character file.

Game seed: 2050016437910001503

3253 horus123 the Thaumaturge (level 9, -6/45 HPs)
             Began as a Deep Elf Conjurer on Aug 4, 2021.
             Was a Follower of Makhleb.
             Mangled by a slime creature (13 damage)
             ... on level 8 of the Dungeon.
             The game lasted 00:38:46 (8996 turns).

horus123 the Thaumaturge (Deep Elf Conjurer)        Turns: 8996, Time: 00:38:47

Health: -6/45      AC: 10    Str:  8    XL:     9   Next: 67%
Magic:  3/26       EV: 13    Int: 33    God:    Makhleb [*.....]
Gold:   421        SH:  0    Dex: 15    Spells: 4/31 levels left

rFire    . . .     SeeInvis .   y - +8 trident of Xebubbui {flame, rPois Str+4 Dex+2}
rCold    . . .     Faith    .   (no shield)
rNeg     . . .     Spirit   .   B - +0 steam dragon scales
rPois    +         Reflect  .   (no helmet)
rElec    .         Harm     .   s - +1 cloak
rCorr    .         Rampage  .   j - +2 pair of gloves
Will     .....                  (no boots)
Stlth    +++.......             (no amulet)
HPRegen  0.15/turn              z - +6 ring of intelligence
MPRegen  0.20/turn              w - ring of wizardry

@: no status effects
A: no striking features
a: Renounce Religion


You were on level 8 of the Dungeon.
You worshipped Makhleb.
Makhleb was aware of your devotion.
You visited 2 branches of the dungeon, and saw 9 of its levels.

You collected 421 gold pieces.

Inventory:

Hand Weapons
 l - a +4 dagger of speed
 o - a +0 spear
 y - the +8 trident of Xebubbui (weapon) {flame, rPois Str+4 Dex+2}
   (You found it on level 6 of the Dungeon)

   It burns those it strikes, dealing additional fire damage.
   Str:       It affects your strength (+4).
   Dex:       It affects your dexterity (+2).
   rPois:     It protects you from poison.
Missiles
 n - 2 throwing nets
Armour
 a - a +2 robe
 j - a +2 pair of gloves (worn)
 k - a scarf of shadows
 s - a +1 cloak (worn)
 B - +0 steam dragon scales (worn)
Jewellery
 d - a +6 ring of dexterity
 w - a ring of wizardry (right hand)
 z - a +6 ring of intelligence (left hand)
Wands
 g - a wand of iceblast (7)
 q - a wand of digging (6)
 r - a wand of polymorph (10)
 u - a wand of mindburst (30)
Scrolls
 p - a scroll of teleportation
 x - a scroll of acquirement
 A - 3 scrolls of identify {unknown}
Potions
 b - 2 potions of attraction {unknown}
 c - 2 potions of mutation {unknown}
 e - a potion of ambrosia {unknown}
 f - a potion of resistance {unknown}
 h - a potion of brilliance {unknown}
 i - 4 potions of curing {unknown}
 m - 3 potions of degeneration {unknown}
 t - a potion of lignification {unknown}
 v - a potion of haste {unknown}


   Skills:
 + Level 0.2 Fighting
 + Level 3.1 Dodging
 + Level 5.0 Stealth
 + Level 11.6 Spellcasting
 + Level 9.7 Conjurations
 + Level 3.0 Hexes
 + Level 0.6 Summonings
 + Level 2.1 Ice Magic
 + Level 4.2 Air Magic
 + Level 0.5 Evocations


You had 4 spell levels left.
You knew the following spells:

 Your Spells              Type           Power      Damage    Failure   Level
a - Magic Dart            Conj           100%       1d8       1%          1
b - Searing Ray           Conj           100%       3d7       1%          2
c - Dazzling Flash        Conj/Hex       100%       N/A       1%          3
d - Fulminant Prism       Conj/Hex       28%        3d14      1%          4
e - Iskenderun's Mystic   Conj/Tloc      50%        2d11      1%          4
f - Shock                 Conj/Air       100%       1d9       1%          1
g - Frozen Ramparts       Ice            66%        1d8       1%          3
h - Airstrike             Air            23%        N/A       1%          4
i - Summon Small Mammal   Summ           92%        N/A       1%          1
j - Summon Ice Beast      Ice/Summ       28%        N/A       6%          4

Your spell library contained the following spells:

 Spells                   Type           Power      Damage    Failure   Level
 Sting                    Tmut/Pois      76%        1d6       1%          1
 Poisonous Vapours        Pois/Air       66%        N/A       1%          2
 Swiftness                Air            46%        N/A       1%          3
 Ice Form                 Ice/Tmut       26%        N/A       6%          4
 Olgreb's Toxic Radiance  Pois           19%        N/A       10%         4
 Monstrous Menagerie      Summ           11%        N/A       99%         7
 Summon Hydra             Summ           11%        N/A       99%         7
 Summon Horrible Things   Summ           11%        N/A       100%        8


Dungeon Overview and Level Annotations

Branches:
Dungeon (8/15)             Temple (1/1) D:4
   Lair: D:8-11

Altars:
Ashenzari
Cheibriados
Dithmenos
Elyvilon
Fedhas
Gozag
Hepliaklqana
Kikubaaqudgha
Makhleb
Nemelex Xobeh
Okawaru
Qazlal
Trog
Uskayaw
Vehumet
Xom
Yredelemnul


Message History

Ouch! That really hurt!
A slime creature comes into view.
The searing ray hits the large slime creature!
You kill the large slime creature!
Makhleb accepts your kill.
Your Hexes skill increases to level 3!
Your Ice Magic skill increases to level 2!
Your Air Magic skill increases to level 4!
Aiming: Iceblast
Press: ? - help, Shift-Dir - straight line The mass of ice explodes!
The iceblast engulfs the slime creature!
The slime creature is lightly wounded.
The iceblast engulfs the slime creature!
The slime creature is moderately wounded.
Aiming: Mindburst
Press: ? - help, Shift-Dir - straight line, f - slime creature
Aim: a slime creature (lightly wounded, not susceptible)
The slime creature is unaffected.
Casting: Searing Ray (safe; 1% risk of failure)
Confirm with . or Enter, or press ? or * to list all spells.
Okay, then.
Aiming: Iceblast
Press: ? - help, Shift-Dir - straight line, f/p - slime creature
Aim: a slime creature (lightly wounded)
The mass of ice explodes!
The iceblast engulfs the slime creature!
The slime creature is moderately wounded.
The iceblast engulfs the slime creature!
The slime creature is heavily wounded.
A slime creature comes into view.
The slime creature hits you!
The slime creature completely misses you.
The slime creature hits you. The slime creature hits you!
* * * LOW HITPOINT WARNING * * *
The slime creature barely misses you.
There is a stone staircase leading up, spattered with blood here.
The slime creature closely misses you. The slime creature hits you!
You die...

######
#....#
#....#
#....#
#)...#
#....#
#....#
#.@J.#
#.JJ.####+##
#...........
#...........
#...........
#......###..
######## .


You could see 3 slime creatures.

Vanquished Creatures
  2 slime creatures (D:8)
  A steam dragon (D:7)
  4 black bears
  3 ice beasts
  3 ogres
  An orc warrior (D:4)
  4 necrophages
  A phantom (D:5)
  2 bullfrogs
  2 scorpions
  5 killer bees (D:7)
  A howler monkey (D:7)
  3 jellies
  An iron imp (D:3)
  Crazy Yiuf (D:5)
  An orc priest (D:3)
  Jessica (D:2)
  A bullfrog skeleton (D:5)
  An iguana (D:4)
  Ijyb (D:4)
  Natasha (thrice) (D:3)
  2 orc wizards
  8 gnolls
  7 adders
  3 white imps
  A worm (D:2)
  13 orcs
  8 endoplasms
  4 giant cockroaches
  11 goblins
  8 hobgoblins
  6 jackals
  8 kobolds
  5 quokkas
  9 ball pythons
  2 bats
  2 frilled lizards (D:1)
  10 rats
149 creatures vanquished.

Vanquished Creatures (others)
  18 fulminant prisms
  5 fungi (D:5)
23 creatures vanquished.

Grand Total: 172 creatures vanquished

Notes
Turn   | Place    | Note
-------+----------+-------------------------------------------
     0 | D:1      | horus123 the Deep Elf Conjurer began the quest for the Orb.
     0 | D:1      | Reached XP level 1. HP: 10/10 MP: 6/6
     2 | D:1      | Noticed an octopode
     2 | D:1      | Noticed a formicid
     4 | D:1      | Noticed a barachi
     4 | D:1      | Noticed a spriggan
     6 | D:1      | Noticed a ghoul
     8 | D:1      | Noticed an elf
    10 | D:1      | Noticed a tengu
    10 | D:1      | Noticed a human
    12 | D:1      | Noticed a felid
    12 | D:1      | Noticed a draconian
    14 | D:1      | Noticed a demigod
    14 | D:1      | Noticed a vine stalker
    16 | D:1      | Noticed a vampire
    16 | D:1      | Noticed a merfolk
    18 | D:1      | Noticed a troll
    18 | D:1      | Noticed a djinni
    20 | D:1      | Noticed a gargoyle
    22 | D:1      | Noticed a demonspawn
    22 | D:1      | Noticed a dwarf
    24 | D:1      | Noticed a palentonga
    24 | D:1      | Noticed a minotaur
    26 | D:1      | Noticed a naga
    26 | D:1      | Noticed an ogre
   264 | D:1      | Reached XP level 2. HP: 15/15 MP: 6/8
   268 | D:1      | Learned a level 2 spell: Searing Ray
   342 | D:1      | Found a faded altar of an unknown god.
   368 | D:1      | Reached skill level 5 in Conjurations
   892 | D:2      | Reached XP level 3. HP: 19/19 MP: 4/9
   977 | D:2      | Learned a level 3 spell: Dazzling Flash
  1295 | D:2      | Noticed Jessica
  1303 | D:2      | Killed Jessica
  1444 | D:2      | Reached XP level 4. HP: 24/24 MP: 5/11
  2225 | D:3      | Noticed an ogre
  2228 | D:3      | Killed an ogre
  2229 | D:3      | Reached skill level 4 in Spellcasting
  2229 | D:3      | Reached XP level 5. HP: 28/28 MP: 8/13
  2454 | D:3      | Noticed Natasha
  2459 | D:3      | Killed Natasha
  2603 | D:3      | Learned a level 4 spell: Fulminant Prism
  2793 | D:3      | Noticed Natasha
  2798 | D:3      | Killed Natasha
  2799 | D:3      | Reached XP level 6. HP: 32/32 MP: 8/15
  2845 | D:3      | Learned a level 4 spell: Iskenderun's Mystic Blast
  3128 | D:3      | Reached skill level 5 in Spellcasting
  3185 | D:3      | Found a snail-covered altar of Cheibriados.
  3507 | D:3      | Found a white marble altar of Elyvilon.
  3680 | D:3      | Noticed Natasha
  3695 | D:3      | Killed Natasha
  3871 | D:3      | Reached skill level 1 in Hexes
  4310 | D:4      | Noticed an orc warrior
  4317 | D:4      | Killed an orc warrior
  4318 | D:4      | Reached skill level 6 in Spellcasting
  4318 | D:4      | Reached XP level 7. HP: 19/36 MP: 8/18
  4420 | D:4      | Learned a level 1 spell: Shock
  4702 | D:4      | Reached skill level 7 in Spellcasting
  4757 | D:4      | Noticed Ijyb
  4761 | D:4      | Killed Ijyb
  4914 | D:4      | Found a burning altar of Makhleb.
  5057 | D:4      | Found a staircase to the Ecumenical Temple.
  5066 | Temple   | Entered the Ecumenical Temple
  5509 | D:4      | Noticed a balrug
  5512 | D:4      | Noticed a ynoxinul
  5512 | D:4      | Noticed a smoke demon
  5685 | D:4      | Became a worshipper of Makhleb the Destroyer
  5817 | D:5      | Entered Level 5 of the Dungeon
  5846 | D:5      | Reached skill level 8 in Spellcasting
  5846 | D:5      | Reached XP level 8. HP: 33/41 MP: 6/22
  5863 | D:5      | Reached skill level 1 in Air Magic
  5868 | D:5      | Reached skill level 5 in Stealth
  6034 | D:5      | Learned a level 3 spell: Frozen Ramparts
  6039 | D:5      | Learned a level 4 spell: Airstrike
  6260 | D:5      | Identified a scroll of acquirement
  6260 | D:5      | Acquired the Compendium of the Supportive Snowflakes
  6264 | D:5      | Learned a level 1 spell: Summon Small Mammal
  6526 | D:5      | Found a bloodstained altar of Trog.
  6598 | D:5      | Reached skill level 9 in Spellcasting
  7185 | D:5      | Found a runed translucent door.
  7185 | D:5      | Noticed Crazy Yiuf
  7192 | D:5      | Killed Crazy Yiuf
  7403 | D:6      | Identified the +8 trident of Xebubbui {flame, rPois Str+4
                  | Dex+2}
  7449 | D:6      | Reached skill level 10 in Spellcasting
  7515 | D:6      | Found a sparkling altar of Nemelex Xobeh.
  7717 | D:6      | Found a blossoming altar of Fedhas.
  7718 | D:6      | Found an ancient bone altar of Kikubaaqudgha.
  7718 | D:6      | Found a radiant altar of Vehumet.
  7858 | D:6      | Reached XP level 9. HP: 45/45 MP: 19/25
  7967 | D:6      | Learned a level 4 spell: Summon Ice Beast
  8043 | D:7      | Reached * piety under Makhleb
  8044 | D:7      | Reached skill level 1 in Ice Magic
  8308 | D:7      | Identified the +2 ring mail of the First Deaths {Drain
                  | +Blink rElec rN+}
  8891 | D:7      | Reached skill level 11 in Spellcasting
  8985 | D:8      | Killed a large slime creature
  8996 | D:8      | Mangled by a slime creature

Illustrated notes

Levels and vault maps discovered:
D:1:      kb_arrival_jail, layout_basic, chequers_ecumenical_altar_island
D:2:      layout_basic, uniq_jessica
D:3:      layout_basic, slow_altar_1, marbit_many_paths, uniq_natasha
D:4:      layout_loops_ring, makhleb_altar_promises_db, temple_green,
          portal_sewer_entry_c, ebering_dispersal_statue_hall,
          grunt_decor_mini_mirrors, corexii_hall_statues_deadend, st_stairs_6,
          minmay_stone_trees_large, uniq_ijyb
D:5:      layout_loops_ring, bloody_trog, uniq_crazy_yiuf_cottage
D:6:      layout_rooms, nemelex_diamond_rough_becter,
          grunt_temple_overflow_open, minivault_23
D:7:      layout_basic
D:8:      layout_gridville, lemuel_crystal_altar, lair_entry_dummy
Temple:   dpeg_three_leaves_temple

Skill      XL: |  1  2  3  4  5  6  7  8  9 |
---------------+----------------------------+-----
Conjurations   | 5 6 7 8 9 |  9.7
Stealth        | 3 4 5 |  5.0
Spellcasting   | 4 6 8 10 11 | 11.6
Hexes          | 1 2 3 |  3.0
Dodging        | 3 |  3.1
Air Magic      | 2 4 |  4.2
Ice Magic      | 2 |  2.1
Fighting       | |  0.2
Summonings     | |  0.6
Evocations     | |  0.5

Action                   |  1- 3 |  4- 6 |  7- 9 || total
-------------------------+-------+-------+-------++-------
Melee: Dagger            |       |     2 |       ||     2
 Cast: Magic Dart        |    59 |    34 |     4 ||    97
       Dazzling Flash    |     2 |     8 |       ||    10
       Searing Ray       |     1 |    13 |    19 ||    33
       Fulminant Prism   |       |     4 |    14 ||    18
       Shock             |       |       |    94 ||    94
       Summon Small Mamm |       |       |     9 ||     9
       Airstrike         |       |       |     9 ||     9
       Frozen Ramparts   |       |       |     6 ||     6
       Summon Ice Beast  |       |       |     1 ||     1
Evoke: Wand              |       |     1 |     6 ||     7
  Use: Scroll            |     3 |     2 |     9 ||    14
 Stab: Invisible         |       |     1 |       ||     1
Armor: Robe              |     3 |     1 |     1 ||     5
       Steam dragon scal |       |       |     1 ||     1
Dodge: Dodged            |     9 |    13 |    23 ||    45
